 Dungeon Crawl Stone Soup version 0.28.0-43-g3370ac3207 (webtiles) character file.

Game seed: 9426107674317013161

193 GreyFruit the Gusty (level 5, -4/28 HPs)
             Began as a Tengu Air Elementalist on Mar 7, 2022.
             Killed from afar by Sigmund (6 damage)
             ... with a magic dart
             ... on level 4 of the Dungeon.
             The game lasted 00:04:00 (4526 turns).

GreyFruit the Gusty (Tengu Air Elementalist)        Turns: 4526, Time: 00:04:02

Health: -4/28      AC:  2    Str:  9    XL:     5   Next: 72%
Magic:  10/10      EV: 15    Int: 17    God:
Gold:   115        SH:  0    Dex: 14    Spells: 8/9 levels left

rFire   . . .      SeeInvis .   f - +1 dagger (venom)
rCold   . . .      Faith    .   (no shield)
rNeg    . . .      Spirit   .   a - +0 robe
rPois   .          Reflect  .   (helmet restricted)
rElec   .          Harm     .   (no cloak)
rCorr   .          Rampage  .   (no gloves)
Will    .....                   (boots unavailable)
Stlth   ++........              (no amulet)
HPRegen 0.09/turn               (no ring)
MPRegen 0.12/turn               (no ring)

@: flying quickly and evasively, quick
A: beak, talons 3, nimble flight
a: no special abilities


You were on level 4 of the Dungeon.
You visited 1 branch of the dungeon, and saw 4 of its levels.

You collected 115 gold pieces.

Inventory:

Hand Weapons
 f - a +1 dagger of venom (weapon)
Armour
 a - a +0 robe (worn)
Scrolls
 b - a scroll of silence {unknown}
 d - a scroll of identify {unknown}
 e - a scroll of enchant armour {unknown}
 k - 2 scrolls of teleportation {unknown}
 l - a scroll of magic mapping {unknown}
 m - a scroll of blinking {unknown}
 o - 2 scrolls of amnesia {unknown}
 q - a scroll of immolation {unknown}
Potions
 c - a potion of magic
 g - a potion of lignification {unknown}
 h - 2 potions of curing {unknown}
 i - a potion of degeneration {unknown}
 j - a potion of haste {unknown}
 n - a potion of ambrosia {unknown}
 p - a potion of mutation {unknown}


   Skills:
 + Level 3.4 Dodging
 + Level 3.2 Stealth
 + Level 2.8 Spellcasting
 + Level 3.4 Conjurations
 + Level 5.1 Air Magic


You had 8 spell levels left.
You knew the following spells:

 Your Spells              Type           Power      Damage    Failure   Level
a - Shock                 Conj/Air       64%        1d7       3%          1

Your spell library contained the following spells:

 Spells                   Type           Power      Damage    Failure   Level
 Static Discharge         Conj/Air       16%        N/A       4%          2
 Swiftness                Air            19%        N/A       6%          3
 Slow                     Hex            8%         N/A       19%         1
 Airstrike                Air            9%         N/A       22%         4
 Confusing Touch          Hex            2%         N/A       47%         3
 Vampiric Draining        Necr           2%         2d6       47%         3


Dungeon Overview and Level Annotations

Branches:
Dungeon (4/15)
 Temple: D:4-7

Altars:

Shops:
D:3 (

Annotations:
D:4 Sigmund


Innate Abilities, Weirdness & Mutations

You have a beak for a mouth.
You have claws for feet.
Your magical nature lets you fly swiftly and evasively.


Message History

The zap hits something.
Something hits you. The ball python barely misses you.
The ball python closely misses you. A mysterious force pulls you upwards.
The hatch slams shut behind you.
Reactivating autopickup.
You hit the ball python. Your kick misses the ball python.
You peck the ball python.
You kill the ball python!
No target in view!
Magic restored.
HP restored.
Done exploring.
There is a stone staircase leading down here.
You fly downwards.
Level annotation: Sigmund
There is a stone staircase leading up here.
You see here an adder skeleton.
A centaur is nearby!
A centaur is nearby!
The zap hits the centaur.
The centaur is lightly wounded.
The centaur shouts!
You hear a shout!
The centaur unwields a +0 whip.
The centaur wields a +0 shortbow.
The centaur shoots an arrow.
The arrow closely misses you.
The centaur shoots an arrow.
The arrow barely misses you.
The zap hits the centaur.
The centaur is moderately wounded.
The zap hits Sigmund but does no damage.
Sigmund shouts!
The centaur shoots an arrow.
The arrow closely misses you.
The centaur shoots an arrow.
The arrow hits you!
The centaur shoots an arrow.
The arrow hits you!
* * * LOW HITPOINT WARNING * * *
You see here an adder skeleton.
The centaur shoots an arrow.
The arrow hits you.
* * * LOW HITPOINT WARNING * * *
It was a potion of magic.
Magic courses through your body. Sigmund gestures at you while chanting.
The magic dart hits you.
You die...

#.#.....#.#
#.#..##.#.#
#.#..##.#.#
#.....>...#
####.###### #......#
#.##.#.# #.##.#.#
#.##.#@# #####.##.#รท#
. #..........### .#
#.####.#c#...##c
#####.####.#..###.....
###.......##.#..#
.#...
......#.#.##.##@###.#
##
.##.#<#.{....###...#
.S #.###.##......##


You could see Sigmund and a centaur.

Vanquished Creatures
  2 iguanas (D:4)
  5 adders
  An adder skeleton (D:4)
  3 worms
  3 dart slugs
  4 orcs (D:3)
  6 ball pythons
  5 endoplasms
  6 giant cockroaches
  8 goblins
  8 hobgoblins
  3 jackals (D:3)
  3 quokkas
  5 bats
  2 frilled lizards
  4 kobolds
  6 rats
74 creatures vanquished.

Notes
Turn   | Place    | Note
-------+----------+-------------------------------------------
     0 | D:1      | GreyFruit the Tengu Air Elementalist began the quest for
                  | the Orb.
     0 | D:1      | Reached XP level 1. HP: 10/10 MP: 4/4
   328 | D:1      | Reached XP level 2. HP: 10/15 MP: 0/6
  1431 | D:2      | Reached XP level 3. HP: 19/19 MP: 2/7
  1673 | D:2      | Found a faded altar of an unknown god.
  1950 | D:2      | Reached XP level 4. HP: 24/24 MP: 5/8
  3291 | D:3      | Found Tyunloij's Antique Weapon Emporium.
  3469 | D:3      | Gained mutation: Your magical nature lets you fly swiftly
                  | and evasively. [Tengu growth]
  3469 | D:3      | Reached XP level 5. HP: 28/28 MP: 3/9
  3830 | D:4      | Reached skill level 5 in Air Magic
  4172 | D:4      | Noticed a centaur
  4319 | D:4      | Noticed Sigmund
  4526 | D:4      | Killed from afar by Sigmund

Illustrated notes

Levels and vault maps discovered:
D:1:      minmay_arrival_shattered_statue, layout_basic
D:2:      layout_basic, basic_ecumenical_altar
D:3:      layout_rooms, serial_shops, nicolae_shop_statue_plus, minmay_unequal
D:4:      layout_loops_cross, lemuel_mausoleum_altar_kikubaaqudgha,
          serial_shops, shop_statue, uniq_sigmund

Skill      XL: |  1  2  3  4  5 |
---------------+----------------+-----
Conjurations   | 2 3 |  3.4
Dodging        | 3 |  3.4
Stealth        | 3 |  3.2
Air Magic      | 5 |  5.1
Spellcasting   | |  2.8

Action                   |  1- 3 |  4- 6 || total
-------------------------+-------+-------++-------
Melee: Unarmed           |     7 |       ||     7
       Peck              |     2 |    10 ||    12
       Kick              |     4 |    10 ||    14
       Dagger            |    11 |    34 ||    45
 Cast: Shock             |    68 |    88 ||   156
  Use: Potion            |       |     1 ||     1
Armor: Robe              |     5 |     4 ||     9
Dodge: Dodged            |    14 |    26 ||    40
